 Dungeon Crawl Stone Soup version 0.29.0-13-gc9e81de378 (webtiles) character file.

Game seed: 13849304947644300311

224 RascalDebosk the Cudgeller (level 5, 0/53 HPs)
             Began as a Troll Berserker on Sept 8, 2022.
             Was a Priest of Trog.
             Slain by a river rat (3 damage)
             ... in a sewer.
             The game lasted 00:18:28 (2572 turns).

RascalDebosk the Cudgeller (Troll Berserker)        Turns: 2572, Time: 00:18:30

Health: 0/53       AC:  4    Str: 25    XL:     5   Next: 67%
Magic:  4/4        EV: 10    Int:  5    God:    Trog [***...]
Gold:   106        SH:  0    Dex:  9    Spells: 4/4 levels left

rFire   . . .      SeeInvis .   a - +0 mace
rCold   . . .      Faith    .   (no shield)
rNeg    . . .      Spirit   .   o - +0 robe
rPois   .          Reflect  .   (helmet restricted)
rElec   .          Harm     .   (no cloak)
rCorr   .          Rampage  .   (gloves unavailable)
Will    .....                   (boots unavailable)
Stlth   +.........              (no amulet)
HPRegen 0.97/turn               (no ring)
MPRegen 0.09/turn               (no ring)

@: no status effects
A: large, unfitting armour, claws 3, regeneration 1, shaggy fur 1, tough skin 1
a: Renounce Religion, Berserk, Trog's Hand


You were in a sewer.
You worshipped Trog.
Trog was most pleased with you.
You visited 1 branch of the dungeon, and saw 3 of its levels.
You also visited: Sewer.

You collected 106 gold pieces.

Inventory:

Hand Weapons
 a - a +0 mace (weapon)
Missiles
 e - 6 boomerangs (quivered)
 q - 2 javelins
 v - 5 poisoned darts
Armour
 o - a +0 robe (worn)
Jewellery
 g - an amulet of guardian spirit
Scrolls
 b - a scroll of blinking {unknown}
 c - 2 scrolls of identify {unknown}
 d - a scroll of teleportation {unknown}
 f - a scroll of enchant weapon {unknown}
 h - 3 scrolls of fear {unknown}
 i - a scroll of brand weapon {unknown}
 j - a scroll of noise {unknown}
 m - a scroll of vulnerability {unknown}
 n - 2 scrolls of amnesia {unknown}
 p - a scroll of immolation {unknown}
Potions
 k - 3 potions of heal wounds {unknown}
 l - a potion of curing {unknown}
 r - a potion of degeneration {unknown}
 s - a potion of resistance {unknown}
 t - a potion of haste {unknown}
 u - a potion of mutation {unknown}


   Skills:
 + Level 3.2 Fighting
 + Level 3.6 Maces & Flails
 + Level 2.0 Throwing
 + Level 1.4 Armour
 + Level 3.2 Dodging


You had 4 spell levels left.
You didn't know any spells.
Your spell library was empty.

Dungeon Overview and Level Annotations

Branches:
Dungeon (3/15)              Sewer (1/1)

Altars:

Shops:
D:2 [([


Innate Abilities, Weirdness & Mutations

You are too large for most types of armour.
You have claws for hands.
Your natural rate of healing is unusually fast.
You are covered in fur. (AC +1)
You have tough skin. (AC +1)


Message History

The ball python bites you but does no damage.
The river rat closely misses you. The ball python closely misses you.
The ball python bites you but does no damage.
The river rat barely misses you.
You closely miss the ball python.
You feel sick. The ball python bites you. x2
* * * LOW HITPOINT WARNING * * *
The river rat bites you but does no damage.
The ball python misses you.
You hit the ball python.
You kill the ball python!
Trog accepts your kill.
You feel sick. The river rat bites you.
* * * LOW HITPOINT WARNING * * *
The ball python completely misses you.
You hit the rat but do no damage.
You feel sick.
The ball python bites you but does no damage.
The river rat bites you.
* * * LOW HITPOINT WARNING * * *
You closely miss the rat.
You feel sick.
You are no longer poisoned.
The ball python closely misses you. The rat closely misses you.
The river rat barely misses you. The rat barely misses you.
The ball python bites you.
* * * LOW HITPOINT WARNING * * *
You hit the rat.
The rat is severely wounded.
The rat bites you but does no damage. x2; The river rat misses you.
The ball python misses you. The rat bites you.
* * * LOW HITPOINT WARNING * * *
The river rat bites you.
* * * LOW HITPOINT WARNING * * *
The rat bites you.
* * * LOW HITPOINT WARNING * * *
You hit the rat but do no damage.
The rat is severely wounded.
The ball python bites you.
* * * LOW HITPOINT WARNING * * *
The ball python bites you but does no damage.
The rat closely misses you. The river rat bites you.
You die...

#### ####### ..# ###..##
###.....##
...###.rS..####........#
.......@rr........###...
.......r##.......###....
......####........##....
≈~≈##......##...............
≈#≈#≈≈≈≈≈~≈........†............#
#≈#≈≈≈≈≈≈≈~≈~≈~≈...........≈~≈≈≈~
#≈#≈≈≈≈≈≈≈≈≈≈≈≈≈~≈~≈~~≈≈≈≈≈≈≈≈≈≈
#≈≈≈≈≈≈≈≈≈≈≈≈≈≈~~≈~≈~≈~≈≈≈≈≈≈≈≈
#≈≈≈≈≈≈≈≈≈≈~≈≈~.......~≈≈≈≈≈≈≈


You could see a river rat, a ball python and 3 rats.

Vanquished Creatures
  A kobold brigand (Sewer)
  5 adders
  3 river rats (Sewer)
  3 dart slugs
  2 orcs
  7 endoplasms
  3 giant cockroaches
  A goblin (D:1)
  6 hobgoblins
  10 kobolds
  5 quokkas
  12 ball pythons
  3 bats
  3 frilled lizards
  20 rats
84 creatures vanquished.

Notes
Turn   | Place    | Note
-------+----------+-------------------------------------------
     0 | D:1      | RascalDebosk the Troll Berserker began the quest for the
                  | Orb.
     0 | D:1      | Reached XP level 1. HP: 22/22 MP: 0/0
   141 | D:1      | Reached XP level 2. HP: 29/29 MP: 1/1
   158 | D:1      | Found a faded altar of an unknown god.
   502 | D:1      | Reached ** piety under Trog
   691 | D:1      | Reached skill level 1 in Throwing
   944 | D:1      | Reached XP level 3. HP: 36/36 MP: 2/2
  1067 | D:2      | Found Cung's Antique Armour Shoppe.
  1658 | D:2      | Found Yfryrung's Antique Armour Emporium.
  1788 | D:2      | Found Puw Jeom's Antique Weapon Boutique.
  2087 | D:3      | Found a glowing drain.
  2138 | D:3      | Reached XP level 4. HP: 44/44 MP: 3/3
  2147 | Sewer    | Entered a sewer
  2256 | Sewer    | Noticed a kobold brigand
  2265 | Sewer    | Killed a kobold brigand
  2266 | Sewer    | Reached skill level 1 in Armour
  2266 | Sewer    | Reached XP level 5. HP: 15/53 MP: 4/4
  2383 | Sewer    | Reached *** piety under Trog
  2572 | Sewer    | Slain by a river rat

Illustrated notes

Levels and vault maps discovered:
D:1:      minmay_arrival_doors, layout_basic,
          shapermc_ecumenical_altar_notcrosses
D:2:      layout_loops_corners, serial_shops, nicolae_shop_overgrown_old_shop,
          nicolae_shop_overgrown_old_shop, shop, supply_closet_lemuel
D:3:      layout_basic, gup_sewer_entry_glass, serial_bayou_pond_b,
          roderic_batcave, lemuel_another_geyser, uniq_crazy_yiuf_cottage
Sewer:    sewer_minmay_treatment

Skill      XL: |  1  2  3  4  5 |
---------------+----------------+-----
Maces & Flails | 3 |  3.6
Throwing       | 1 2 |  2.0
Fighting       | 3 |  3.2
Armour         | 1 |  1.4
Dodging        | 3 |  3.2

Action                   |  1- 3 |  4- 6 || total
-------------------------+-------+-------++-------
Melee: Mace              |   124 |   129 ||   253
Throw: Boomerang         |     6 |       ||     6
 Stab: Sleeping          |     1 |       ||     1
Armor: Animal skin       |    34 |       ||    34
       Robe              |    20 |    90 ||   110
Dodge: Dodged            |    63 |   158 ||   221
